Map: Pride of Altaris LE

Players

FishSangwich - Winner!

  • Race: Zerg Zerg
  • League: Master

GarbageRat

  • Race: Protoss Protoss
  • League: Master

VOD

Have the link to the VOD?

Description

Time

  • Played on: Oct. 23, 2021, 12:40 p.m.
  • Length: 7:42
Show
View Real Time Build Order
Export as new Build Order

FishSangwich Zerg - Winner!

Build Orders: Pool First, Zergling Baneling 

Get SALT Encoding   

  12  0:00  Drone  
  13  0:08  Drone  
  14  0:17  Overlord  
  14  0:24  Extractor  
  14  0:25  Extractor, Drone  
  13  0:29  Drone  
  16  0:36  Drone  
  17  0:44  Drone  
  18  0:52  Spawning Pool  
  18  0:54  Extractor  
  18  0:55  Drone  
  17  1:07  Drone  
  18  1:37  Drone x2  
  20  1:44  Queen  
  20  1:46  Hatchery  
  21  1:48  Zergling x2  
  22  2:00  Overlord  
  22  2:12  Metabolic Boost  
  22  2:20  Zergling x4  
  24  2:31  Zergling x2  
  25  2:40  Zergling x2  
  26  2:44  Overlord  
  26  2:46  Queen  
  28  2:54  Zergling x4  
  30  2:59  Overlord, Baneling Nest  
  29  3:07  Zergling x4  
  31  3:19  Zergling x2  
  31  3:20  Zergling x6  
  34  3:40  Zergling x2  
  34  3:41  Zergling x4  
  37  3:47  Baneling  
  37  3:48  Baneling x5  
  37  3:51  Baneling  
  37  3:58  Zergling x2  
  37  3:59  Zergling x10  
  37  4:02  Baneling  
  43  4:14  Zergling x2  
  43  4:15  Zergling x8  
  41  4:42  Zergling x2  
  41  4:43  Zergling x8  
  39  4:54  Zergling x2  
  39  4:55  Zergling x8  
  41  5:07  Zergling x4  
  37  5:14  Spore Crawler  
  31  5:37  Zergling x10  
  31  5:39  Queen  
  31  5:40  Queen  
  33  5:43  Zergling x2  
  33  5:44  Zergling x4  
  33  5:57  Spore Crawler  
  33  5:59  Spore Crawler  
  33  6:01  Zergling x2  
  33  6:02  Zergling x2  
  33  6:25  Zergling x4  
  32  6:45  Queen  
  32  6:51  Zergling x12  
  36  7:02  Zergling x4  
  36  7:14  Zergling x2  
  36  7:15  Zergling x4  
Show
View Real Time Build Order
Export as new Build Order

GarbageRat Protoss 

Build Orders: 1 Gate Expand 

Get SALT Encoding   

  12  0:00  Probe  
  13  0:12  Probe  
  14  0:22  Pylon  
  14  0:24  Probe  
  15  0:40  Gateway  
  15  0:41  Probe (Chrono Boost)  
  16  0:48  Assimilator  
  16  0:52  Probe (Chrono Boost)  
  17  0:57  Probe (Chrono Boost)  
  18  1:07  Probe  
  19  1:15  Pylon  
  19  1:29  Nexus  
  19  1:37  Cybernetics Core  
  19  1:42  Zealot (Chrono Boost)  
  21  1:55  Gateway  
  21  2:03  Pylon  
  21  2:10  Probe, Assimilator  
  21  2:14  Adept (Chrono Boost)  
  21  2:22  Probe  
  24  2:28  Warp Gate  
  24  2:34  Probe  
  25  2:53  Stargate  
  25  2:57  Probe (Chrono Boost)  
  27  2:58  Probe (Chrono Boost)  
  27  3:01  Adept (Chrono Boost)  
  29  3:07  Probe (Chrono Boost)  
  29  3:09  Probe (Chrono Boost)  
  31  3:17  Shield Battery  
  29  3:20  Pylon, Adept (Chrono Boost)  
  31  3:30  Probe x2  
  33  3:36  Void Ray  
  33  3:42  Probe  
  33  3:45  Probe (Chrono Boost)  
  39  3:54  Probe (Chrono Boost)  
  40  3:55  Twilight Council  
  41  4:03  Probe (Chrono Boost)  
  41  4:07  Pylon  
  41  4:10  Probe (Chrono Boost)  
  41  4:13  Void Ray  
  41  4:14  Probe  
  47  4:29  Gateway  
  45  4:40  Pylon  
  45  4:41  Pylon  
  36  4:57  Adept x2  
  29  5:19  Probe x2  
  22  5:31  Probe  
  21  5:42  Probe (Chrono Boost)  
  22  5:43  Probe (Chrono Boost)  
  24  5:59  Probe x2 (Chrono Boost)  
  25  6:15  Probe  
Tags
 
Add a new tag
Caveats
  • Supply blocks, unpowered buildings, or Contaminate may cause inaccurate times.
  • Supply counts are checked every 10 seconds.